 Dungeon Crawl Stone Soup version 0.21-a0-442-g848f44b (webtiles) character file.

21 theanonym the Shield-Bearer (level 3, 23/29 HPs)
             Began as a Formicid Fighter on Nov 14, 2017.
             Quit the game on level 2 of the Dungeon.
             The game lasted 00:00:56 (487 turns).

theanonym the Shield-Bearer (Formicid Fighter)       Turns: 487, Time: 00:00:57

Health: 23/29      AC:  6    Str: 20    XL:     3   Next: 2%
Magic:  3/3        EV:  7    Int:  8    God:
Gold:   82         SH:  9    Dex: 10    Spells: 2/2 levels left

rFire    . . .     SeeInvis +   a - +0 war axe
rCold    . . .     Gourm    .   c - +0 shield
rNeg     . . .     Faith    .   b - +0 scale mail
rPois    .         Spirit   .   (helmet unavailable)
rElec    .         Reflect  .   (no cloak)
rCorr    .         Harm     .   (no gloves)
MR       .....                  (no boots)
Stlth    ..........             (no amulet)
HPRegen  0.09/turn              (no ring)
MPRegen  0.08/turn              (no ring)

@: no status effects
A: permanent stasis, dig shafts and tunnels, four strong arms, antennae 3
a: Dig, Shaft Self


Innate Abilities, Weirdness & Mutations

You cannot be hasted, slowed, berserked, paralysed or teleported.
You can dig through walls and to a lower floor.
Your four strong arms can wield two-handed weapons with a shield.
You have a pair of large antennae on your head. (SInv)


   Skills:
 - Level 3.2 Fighting
 + Level 3.2 Axes
 - Level 3.2 Armour
 - Level 3.6 Shields


You had 2 spell levels left.
You didn't know any spells.

Skill      XL: |  1  2 |
---------------+-------+-----
Axes           | 3 |  3.2
Fighting       | |  3.2
Armour         | |  3.2
Shields        | |  3.6

Action                   || total
-------------------------++-------
Melee: War axe           ||    42
Armor: Scale mail        ||    22
Dodge: Dodged            ||    20
Block: Shield            ||    22

Inventory:

Hand Weapons
 a - a +0 war axe (weapon)
Missiles
 h - 2 javelins (quivered)
Armour
 b - a +0 scale mail (worn)
 c - a +0 shield (worn)
Jewellery
 e - an uncursed ring of ice {rC+, rF-}
   (You found it on level 1 of the Dungeon)
Scrolls
 j - a scroll of teleportation {unknown}
 n - a scroll of noise {unknown}
Potions
 d - 2 potions of might
 i - a potion of magic {unknown}
 k - a potion of ambrosia {unknown}
 l - a potion of brilliance {unknown}
Comestibles
 f - 2 bread rations
 g - 2 chunks of flesh
 m - a royal jelly

Dungeon Overview and Level Annotations

Branches:
Dungeon (2/15)

Altars:
Ashenzari

Annotations:
D:2 Robin


You were on level 2 of the Dungeon.
You were not hungry.

You visited 1 branch of the dungeon, and saw 2 of its levels.

You collected 82 gold pieces.


Message History

Found a mace.
No target in view!
No target in view!
You open the door.
Some of the chunks of flesh in your inventory have rotted away.
Key pressed, stopping explore.
Some of the chunks of flesh in your inventory have rotted away.
Done exploring.
Key pressed, stopping explore.
No target in view!
No target in view!
Done exploring.
No target in view!
No target in view!
No target in view!
Done exploring.
No target in view!
Done exploring.
No target in view!
Done exploring.
You see here 14 stones.
Things that are here:
8 stones; a mace
There is a stone staircase leading down here.
You climb downwards.
A bat comes into view.
Found a meat ration and a scroll labeled ONTIWUGIFU.
Found a stone staircase leading down.
There is a stone staircase leading up here.
A bat is nearby!
A rat comes into view.
Found a bread ration.
There are monsters nearby!
You closely miss the bat. The bat hits you but does no damage.
There are monsters nearby!
You barely miss the bat. The bat hits you but does no damage.
You block the bat's attack.
There are monsters nearby!
You block the bat's attack.
There are monsters nearby!
You barely miss the bat. The bat barely misses you.
You closely miss the rat. The bat hits you but does no damage.
The bat closely misses you. The rat bites you but does no damage.
There are monsters nearby!
Your shield and scale mail prevent you from hitting the bat.
You closely miss the rat. The bat hits you. You block the rat's attack. x2
You slash the bat!
You kill the bat!
You hit the rat.
You kill the rat!
You take 1 damage, and have 23/24 hp.
No target in view!
No target in view!
No target in view!
No target in view!
You butcher the bat corpse.
g - 2 chunks of flesh (gained 1) Key pressed, stopping explore.
A giant cockroach and a goblin come into view.
The goblin shouts!
You hear a shout! x4
A hobgoblin comes into view.
A goblin comes into view. It is wielding a club.
The goblin shouts!
You hear a shout! x2
A hobgoblin and Robin come into view.
Robin shouts!
You hear a shout!
A hobgoblin comes into view. It is wielding a club.
There are monsters nearby!
There are monsters nearby!
The goblin hits you but does no damage.
A goblin comes into view.
You miss the goblin. You block the goblin's attack.
A goblin comes into view.
There are monsters nearby!
You slash the goblin!
You kill the goblin!
Robin roars a battlecry!
The goblins go into a battle-frenzy!
The goblin moves out of view.
The hobgoblin hits you but does no damage.
Robin's bangles clink loudly.
You hear a shout!
A goblin comes into view. It is wielding a club.
Your shield prevents you from hitting the hobgoblin.
You block the hobgoblin's attack. Robin throws the goblin at you!
You hit the goblin.
You kill the goblin!
You hit the hobgoblin.
You kill the hobgoblin!
You have reached level 3!
Your experience leads to an increase in your attributes!
Increase (S)trength, (I)ntelligence, or (D)exterity?
The goblin unwields an uncursed club.
The goblin wields a hunting sling.
The goblin shoots a stone.
The stone hits you.
Level annotation: Robin Welcome back, theanonym the Formicid Fighter.
You have reached level 3!
Your experience leads to an increase in your attributes!
Increase (S)trength, (I)ntelligence, or (D)exterity?
You feel clever.
A goblin comes into view.
It is wielding a dagger. ### #gg #g#{ gsg{

#g# #g# #†#
########@######.
#....%.†........
#.##.....#.....#
#.##.###...##
#.....#.....#
##.<#........
#..##.......
?%..# .......
###... #.....#


You could see Robin, a giant cockroach, 2 hobgoblins and 4 goblins.

Notes
Turn   | Place    | Note
-------+----------+-------------------------------------------
     0 | D:1      | theanonym the Formicid Fighter began the quest for the Orb.
     0 | D:1      | Reached XP level 1. HP: 18/18 MP: 1/1
    63 | D:1      | Reached XP level 2. HP: 24/24 MP: 2/2
   207 | D:1      | Found a shattered altar of Ashenzari.
   291 | D:1      | Reached skill level 3 in Axes
   481 | D:2      | Noticed Robin
   487 | D:2      | Reached XP level 3. HP: 23/29 MP: 3/3
   487 | D:2      | Quit the game

Vanquished Creatures
  A giant cockroach (D:1)
  4 goblins
  5 hobgoblins
  4 bats
  A frilled lizard (D:1)
  3 rats
18 creatures vanquished.
